[Event "*** Titled Tuesday Blitz"]
[Site "Chess.com"]
[Date "2021.02.16"]
[Round "9"]
[White "elohunter1999"]
[Black "anon481216"]
[Result "0-1"]
[WhiteElo "2620"]
[BlackElo "2478"]
[TimeControl "180+1"]
[EndTime "11:48:19 PST"]
[Termination "anon481216 won on time"]

1. d4 d5 2. c4 dxc4 3. e4 Nf6 4. e5 Nd5 5. Bxc4 Nb6 6. Bd3 Nc6 7. Ne2 Bg4 8. Be3 Qd7 9. Nbc3 O-O-O 10. O-O Bxe2 11. Qxe2 Nxd4 12. Bxd4 Qxd4 13. Rfd1 Qf4 14. e6 fxe6 15. Ba6 Rd6 16. Rxd6 exd6 17. Qxe6+ Kb8 18. Qe8+ Nc8 19. Bc4 g6 20. Be6 Bg7 21. Qd7 Bxc3 22. bxc3 Nb6 23. Qb5 Qf6 24. Bb3 Rf8 25. Rf1 Qxc3 26. a4 a5 27. Bd1 Qc5 28. Qb3 Qd4 29. Bf3 Qxa4 30. Qe3 Qd7 31. Rb1 a4 32. h3 d5 33. Qc5 Rf6 34. h4 Qd6 35. Qc3 Re6 36. Qd3 Re7 37. g3 a3 38. Ra1 Nc4 39. Bxd5 Nb6 0-1

[Event "*** Titled Tuesday Blitz"]
[Site "Chess.com"]
[Date "2021.02.16"]
[Round "9"]
[White "francyIM"]
[Black "MFBerna"]
[Result "0-1"]
[WhiteElo "2673"]
[BlackElo "2516"]
[TimeControl "180+1"]
[EndTime "11:48:20 PST"]
[Termination "MFBerna won by resignation"]

1. e4 c5 2. Nf3 Nc6 3. b3 e5 4. Bb2 d6 5. Bc4 Be7 6. O-O Nf6 7. Re1 O-O 8. h3 a6 9. c3 b5 10.
Bf1 Bb7 11. d4 Qc7 12. Nbd2 Rfe8 13. dxe5 dxe5 14. a4 Qb6 15. Qe2 c4 16. axb5 axb5 17. bxc4 b4 18. cxb4 Bxb4 19. Rab1 Ra2 20. Qe3 Bc5 21. Qe2 Rxb2 22. Rxb2 Qxb2 23. Rb1 Qc2 24. Rxb7 Ra8 25. Rc7 Nd4 26. Qd3 Nxf3+ 27. Nxf3 Qxf2+ 28. Kh2 Be3 29. Qe2 Bf4+ 30. Kh1 Qg3 31. c5 h6 32. Qc4 Rf8 33. c6 Nh5 34. Qd3 Qf2 35. Ng1 Ng3+ 36.
Kh2 Nxf1+ 37. Kh1 Ng3+ 38. Kh2 Ne2+ 0-1

[Event "*** Titled Tuesday Blitz"]
[Site "Chess.com"]
[Date "2021.02.16"]
[Round "9"]
[White "GMJustin"]
[Black "AttilaTurzo"]
[Result "0-1"]
[WhiteElo "2341"]
[BlackElo "2510"]
[TimeControl "180+1"]
[EndTime "11:48:20 PST"]
[Termination "AttilaTurzo won on time"]

1. d4 d5 2. c4 c6 3. Nf3 Nf6 4. Nc3 a6 5. Ne5 e6 6. Bg5 h6 7. Bh4 c5 8. cxd5 exd5 9. e3 Be6 10. Qa4+ Nbd7 11. Nxd7 Bxd7 12. Qb3 Bc6 13. dxc5 Bxc5 14. O-O-O O-O 15. Kb1 Qe7 16. Be2 g5 17. Bg3 Rad8 18.
h4 d4 19. hxg5 hxg5 20. exd4 Rxd4 21. Rxd4 Bxd4 22. Bd3 Kg7 23. Qc2 Rh8 24. Rxh8 Kxh8 25. f3 Kg7 26. Ne4 Nd5 27. Qc4 Be5 28. Bxe5+ Qxe5 29. Qc5 f6 30. g3 Qc7 31. a3 Ne7 32. Qd4 Nd5 33. g4 Qe7 34. Nc3 Nf4 35. Be4 Ne6 36.
Qe3 Nc5 37. Qd4 Nxe4 38. Nxe4 Bxe4+ 39. fxe4 Qe6 40. Kc2 Qxg4 41. Qd5 Qc8+ 42. Kd3 Qc6 43. Qd8 Qb5+ 0-1

[Event "*** Titled Tuesday Blitz"]
[Site "Chess.com"]
[Date "2021.02.16"]
[Round "9"]
[White "ARTHURMOTIVATOR"]
[Black "frenchpin"]
[Result "0-1"]
[WhiteElo "2334"]
[BlackElo "2495"]
[TimeControl "180+1"]
[EndTime "11:48:22 PST"]
[Termination "frenchpin won on time"]

1. e4 e6 2. b3 d5 3. Bb2 Nc6 4. e5 Nge7 5. d4 Ng6 6. Nf3 Be7 7. Nbd2 O-O 8. h4 f6 9. h5 Nf4 10. g3 fxe5 11. dxe5 Bb4 12. gxf4 Rxf4 13. Bd3 Qf8 14. c3 Bc5 15. Qe2 a5 16. O-O-O a4 17. Kb1 axb3 18.
axb3 Ba3 19. Ba1 Bd7 20. Bc2 Ne7 21. Qd3 Nf5 22. Nd4 Bc5 23. Nxf5 Rxf5 24. Rhg1 Qb8 25. Bb2 Qa7 26. Kc1 Bxf2 27. Rg2 Be3 28. Re1 Bh6 29.
Kd1 Raf8 30. Bc1 Qb6 31. b4 Bb5 32. Qg3 Rg5 33. Qh3 Rxg2 34. Qxg2 c5 35. Rg1 cxb4 36. Nb3 Rf2 0-1

[Event "*** Titled Tuesday Blitz"]
[Site "Chess.com"]
[Date "2021.02.16"]
[Round "9"]
[White "Srisshhhtea"]
[Black "Chernov_Alexander_A"]
[Result "1-0"]
[WhiteElo "2428"]
[BlackElo "2280"]
[TimeControl "180+1"]
[EndTime "11:48:22 PST"]
[Termination "Srisshhhtea won on time"]

1. d4 Nf6 2. c4 e6 3. Nf3 b6 4.
a3 Bb7 5. Nc3 d5 6. cxd5 Nxd5 7.
Qc2 Be7 8. e4 Nxc3 9. bxc3 c5 10. Bd3 h6 11. O-O O-O 12. Bb2 Nc6 13. Rad1 Qc7 14. Qe2 Rad8 15. Rfe1 e5 16. d5 Na5 17. Nd2 Bc8 18. Nf1 c4 19. Bc2 Nb7 20. Ne3 Nd6 21.
Bc1 b5 22. Ng4 Nb7 23. Bxh6 gxh6 24. Nxh6+ Kg7 25. Nf5+ Bxf5 26. exf5 Rh8 27. Qg4+ Kf8 28. Re3 Bf6 29. Rh3 Ke7 30. Re3 Nc5 31. f4 Rdg8 32.
Qe2 e4 33. d6+ Qxd6 34. Rxd6 Kxd6 35. Bxe4 Kc7 36. Bd5 Rd8 37. Bxf7 Rhf8 38. Be6 Rd3 39. Rxd3 cxd3 40. Qd1 1-0

[Event "*** Titled Tuesday Blitz"]
[Site "Chess.com"]
[Date "2021.02.16"]
[Round "9"]
[White "MariaFominykh"]
[Black "Chamal_Gedgafov"]
[Result "1-0"]
[WhiteElo "2261"]
[BlackElo "2319"]
[TimeControl "180+1"]
[EndTime "11:48:22 PST"]
[Termination "MariaFominykh won on time"]

1. d4 Nf6 2. Nf3 e6 3. g3 b6 4. Bg2 Bb7 5. O-O Be7 6. b3 c5 7. Bb2 O-O 8. c4 cxd4 9. Nxd4 Bxg2 10. Kxg2 d6 11. Nc3 a6 12. e4 Qc7 13. f3 Nbd7 14. Qd2 Rfd8 15. Rac1 Rac8 16. Rfd1 Qb7 17. Qe2 h6 18.
Nc2 Rb8 19. Ba3 Nc5 20. Nd4 Bf8 21. b4 Ncd7 22. b5 Ne5 23. f4 Nxc4 24. Qxc4 d5 25. Qb3 axb5 26. Bxf8 Rxf8 27. e5 Ne4 28. Ncxb5 Ra8 29. Nd6 Qa6 30. Rc2 Nc5 31. Qb5 Qa3 32.
Qe2 Rfb8 33. f5 exf5 34. N4xf5 Ne6 35. Qg4 Ra4 36. Nxh6+ Kf8 37. Qf5 Nd8 38. Ndxf7 Qe7 39. Nxd8+ Ke8 40. Nc6 1-0

[Event "*** Titled Tuesday Blitz"]
[Site "Chess.com"]
[Date "2021.02.16"]
[Round "9"]
[White "kuban1991"]
[Black "LiemLe"]
[Result "1-0"]
[WhiteElo "2924"]
[BlackElo "3005"]
[TimeControl "180+1"]
[EndTime "11:48:24 PST"]
[Termination "kuban1991 won by resignation"]

1. Nf3 Nf6 2. g3 b5 3. Bg2 Bb7 4. O-O e6 5. d3 c5 6. e4 d6 7. Nfd2 Nc6 8. Nc3 b4 9. Ne2 Be7 10. a3 a5 11. Nc4 O-O 12. h3 d5 13. exd5 exd5 14. Ne3 Qd7 15. Nf4 Nd4 16. c3 Ne6 17.
Nf5 Bd8 18. Nh5 g6 19. Nh6+ Kh8 20. Nxf6 Bxf6 21. Bd2 Bg7 22. Ng4 f5 23. Nh2 bxc3 24. bxc3 f4 25. Rb1 Ba6 26. Qc2 Ng5 27. g4 Rae8 28. Nf3 Ne4 29. Rb6 Nxd2 30. Qxd2 Bc8 31. d4 cxd4 32. cxd4 Re6 33. Rxe6 Qxe6 34. Re1 Qd6 35.
Qxa5 h5 36. Ne5 hxg4 37. hxg4 Bxe5 38. dxe5 Qe6 39. Qxd5 Qxg4 40. Qf3 Qxf3 41. Bxf3 Be6 42. a4 Rf7 43. a5 Ra7 44. Ra1 Kg7 45. a6 Bc8 46.
Be2 Kf7 47. Bc4+ Be6 48. Bxe6+ Kxe6 49. Ra5 g5 50. f3 Kf5 51. Kg2 g4 52. fxg4+ Kxg4 53.
e6 f3+ 54. Kf2 Rh7 55. a7 Rh2+ 56. Kf1 Rh1+ 57. Kf2 Rh2+ 58. Ke3 f2 59. Ke2 1-0

[Event "*** Titled Tuesday Blitz"]
[Site "Chess.com"]
[Date "2021.02.16"]
[Round "9"]
[White "zimmm36"]
[Black "federicosellitti"]
[Result "0-1"]
[WhiteElo "2283"]
[BlackElo "2466"]
[TimeControl "180+1"]
[EndTime "11:48:24 PST"]
[Termination "federicosellitti won by checkmate"]

1. d4 d5 2. Nf3 Nc6 3. g3 Bg4 4. Bg2 Qd7 5. c4 Nf6 6. O-O Bh3 7. cxd5 Nxd5 8. e4 Bxg2 9. Kxg2 Nf6 10. d5 Nd8 11. Ne5 Qc8 12. Nc3 e6 13. Bg5 Bd6 14. Nc4 e5 15. Bxf6 gxf6 16. Ne3 Qd7 17. Nf5 b6 18.
Qh5 Nb7 19. Ng7+ Kd8 20. Nf5 Kc8 21. Rac1 Nc5 22. Rc2 Kb7 23. Rd1 a5 24. a3 Rag8 25. b4 axb4 26. axb4 Nb3 27. b5 Nd4 28. Nxd4 exd4 29.
Rxd4 Be5 30. Rc4 Rg5 31. Qd1 h5 32. Ne2 h4 33. Qa1 hxg3 34. Qa6+ Kb8 35. hxg3 Qh3+ 36. Kf3 Qh1+ 37. Ke3 Bxg3 38. fxg3 Rh3 39. Rxc7 Rgxg3+ 40. Nxg3 Rxg3+ 41. Kd4 Qd1+ 42. Kc4 Qxc2+ 43. Kb4 Rb3+ 44. Ka4 Qa2# 0-1

[Event "*** Titled Tuesday Blitz"]
[Site "Chess.com"]
[Date "2021.02.16"]
[Round "9"]
[White "akanga001"]
[Black "lelya96"]
[Result "0-1"]
[WhiteElo "1982"]
[BlackElo "2244"]
[TimeControl "180+1"]
[EndTime "11:48:24 PST"]
[Termination "lelya96 won on time"]

1. d4 d5 2. Nf3 Nf6 3. Bg5 e6 4. e3 Be7 5. Bd3 c5 6. c3 Nbd7 7. O-O Qc7 8. Nbd2 O-O 9. a4 e5 10. dxe5 Nxe5 11. Nxe5 Qxe5 12. Bf4 Qe6 13. a5 Rd8 14. Nf3 Ne4 15. Qc2 Bd7 16. c4 Bc6 17. Ne5 Nf6 18. Nxc6 Qxc6 19. cxd5 Qxd5 20. Bc4 Qh5 21.
h3 Rac8 22. Rfd1 Qg6 23. Bd3 Qh5 24. Bf5 Ra8 25. Kh2 g5 26. g4 Qh6 27. Bc7 Rf8 28. Qb3 Qg7 29. Qxb7 Rfe8 30. Bg3 h5 31. Rac1 hxg4 32.
hxg4 Qh6+ 33. Kg2 Qg7 34. Rh1 Rad8 35. Qxa7 Bd6 36. Rcd1 Bxg3 37. Kxg3 Nd5 0-1

[Event "*** Titled Tuesday Blitz"]
[Site "Chess.com"]
[Date "2021.02.16"]
[Round "9"]
[White "Godzillator"]
[Black "Eloist"]
[Result "1-0"]
[WhiteElo "2294"]
[BlackElo "2390"]
[TimeControl "180+1"]
[EndTime "11:48:25 PST"]
[Termination "Godzillator won on time"]

1. d4 e6 2. c4 Nf6 3. Nc3 Bb4 4. Qc2 c5 5. dxc5 O-O 6. Nf3 Na6 7. e3 Nxc5 8. Bd2 b6 9. a3 Bxc3 10. Bxc3 Bb7 11. Be2 Be4 12. Qd1 d5 13. cxd5 Qxd5 14.
Qxd5 Nxd5 15. Be5 Nb3 16. Rd1 Bc2 17. e4 Nf6 18. Bxf6 gxf6 19. Rd7 Rfd8 20. Rxd8+ Rxd8 21. e5 fxe5 22. Nxe5 Rd2 23. Nf3 Rd5 24. O-O Nd2 25. Rc1 Nxf3+ 26. Bxf3 Rd2 27. g3 a5 28. b4 Ba4 29.
bxa5 bxa5 30. Rc8+ Kg7 31. Ra8 Bb5 32. Rxa5 Rb2 33.
Kg2 Rb1 34. g4 Kf6 35. h4 h6 36. a4 Bd3 37. Ra7 Bc4 38. a5 Bd5 39. Bxd5 exd5 40. Ra6+ Kg7 41. Rd6 Rb5 42. a6 Ra5 43.
Kg3 Kf8 44. Rxh6 Ke7 45. Rb6 d4 46. Kf3 d3 47. Ke3 Rd5 48. Kd2 1-0

[Event "*** Titled Tuesday Blitz"]
[Site "Chess.com"]
[Date "2021.02.16"]
[Round "9"]
[White "Zkid"]
[Black "Zurability"]
[Result "0-1"]
[WhiteElo "2807"]
[BlackElo "2648"]
[TimeControl "180+1"]
[EndTime "11:48:26 PST"]
[Termination "Zurability won on time"]

1. e4 c5 2. Nf3 d6 3. d4 cxd4 4. Nxd4 Nf6 5. f3 e5 6. Nb3 Nh5 7. Be3 Be7 8. c4 Bg5 9. Bf2 Nc6 10. Nc3 Nf4 11. Nd5 Nxd5 12. cxd5 Ne7 13. Bb5+ Kf8 14. O-O g6 15. Qe2 Kg7 16. Be3 h6 17. Rac1 a6 18.
Bd3 f5 19. Rc2 Bd7 20. f4 fxe4 21. fxg5 exd3 22. gxh6+ Kg8 23. Qxd3 Bf5 24. Rxf5 Nxf5 25. g4 Nh4 26. Nd2 Qf6 27. Ne4 Qf3 28. Rf2 Qxg4+ 29. Kf1 Qh3+ 30. Ke2 Nf5 31. Ng3 Rf8 32. Kd2 Qg4 33.
Nxf5 Rxf5 34. Rxf5 Qxf5 35. Qc4 Rh7 36. Qb4 Rd7 37. Qc4 Kh7 38. Qc8 Rf7 39. Qd8 Qf6 40. Qe8 e4 41. Kc2 Rc7+ 42. Kb3 g5 43. Qxe4+ Kxh6 44. h4 Qg6 45. hxg5+ Kh7 0-1

[Event "*** Titled Tuesday Blitz"]
[Site "Chess.com"]
[Date "2021.02.16"]
[Round "9"]
[White "HElissalt"]
[Black "ChessFighter1975"]
[Result "0-1"]
[WhiteElo "2205"]
[BlackElo "2372"]
[TimeControl "180+1"]
[EndTime "11:48:28 PST"]
[Termination "ChessFighter1975 won by checkmate"]

1. d4 d6 2. c4 Nf6 3. Nc3 g6 4. e4 Bg7 5. Be2 O-O 6. Be3 Nc6 7. d5 Ne5 8. h3 c5 9. f4 Ned7 10. g4 a6 11. g5 Ne8 12. a4 e6 13. h4 exd5 14.
cxd5 f5 15. exf5 gxf5 16. Nf3 Rb8 17. h5 Qe7 18. Kf2 Nc7 19. h6 Bh8 20. Qd2 Re8 21. a5 Nf8 22. Nh4 b5 23. axb6 Rxb6 24. Rh3 Bd7 25.
Ra2 Reb8 26. Bh5 Nb5 27. Nxb5 Rxb5 28. g6 Rxb2 29. g7 Rxd2+ 30. Rxd2 Bxg7 31. hxg7 Ng6 32. Nxg6 hxg6 33. Bxg6 Qxg7 34. Rg3 Kf8 35. Bxf5 Qf7 36. Bxd7 Qxd7 37. Kf3 Rb1 38. Rdg2 Rf1+ 39. Ke2 Qb5+ 40. Kd2 Qb4+ 41. Ke2 Qc4+ 42. Kd2 Qc1+ 43. Kd3 Qb1+ 44. Kd2 Qd1+ 45. Kc3 Qa1+ 46. Kd2 Rd1+ 47. Ke2 Re1+ 48. Kf3 Qd1+ 49. Kf2 Rf1# 0-1

[Event "*** Titled Tuesday Blitz"]
[Site "Chess.com"]
[Date "2021.02.16"]
[Round "9"]
[White "Ajedrez_con_German"]
[Black "dpopadic"]
[Result "1-0"]
[WhiteElo "2586"]
[BlackElo "2355"]
[TimeControl "180+1"]
[EndTime "11:48:29 PST"]
[Termination "Ajedrez_con_German won on time"]

1. c4 Nf6 2. g3 g6 3. Bg2 Bg7 4. Nc3 O-O 5. e3 d6 6. Nge2 e5 7. d4 Nc6 8. b3 Bf5 9. Bb2 Qc8 10. Qd2 Re8 11. O-O Bh3 12. d5 Ne7 13. e4 Nh5 14. f4 exf4 15. gxf4 Qg4 16. Rf2 f5 17.
Kh1 Bxg2+ 18. Rxg2 Qh4 19. Nb5 Rac8 20. Bxg7 Nxg7 21.
e5 dxe5 22. fxe5 a6 23. Nbd4 Rcd8 24. Rf1 Nxd5 25. cxd5 Rxd5 26. Qc3 c6 27. Nf3 Qh6 28. Ng3 Red8 29. Rgg1 Kh8 30. Re1 Ne6 31. Qc1 Qh3 32.
Ng5 Nxg5 33. Qxg5 Rd2 34. Re2 Rd1 35. Rg2 f4 36. Qf6+ Kg8 37. Qxf4 Rf8 38. Qe3 1-0

[Event "*** Titled Tuesday Blitz"]
[Site "Chess.com"]
[Date "2021.02.16"]
[Round "9"]
[White "zmeeed67"]
[Black "vladgoncharov"]
[Result "1-0"]
[WhiteElo "2325"]
[BlackElo "2461"]
[TimeControl "180+1"]
[EndTime "11:48:29 PST"]
[Termination "zmeeed67 won on time"]

1. e4 e6 2. Nf3 d5 3. e5 c5 4. b4 cxb4 5. a3 b3 6. cxb3 Nc6 7. d4 Bd7 8. b4 Rc8 9. Be3 Nge7 10. Bd3 Nf5 11. O-O Be7 12. Nbd2 O-O 13. Nb3 Nxe3 14. fxe3 f5 15. Nc5 Rc7 16. Rc1 Bc8 17. Qb3 b6 18. Na6 Bxa6 19. Bxa6 Nb8 20. Bd3 Qd7 21. Qb2 Rfc8 22.
Rfd1 Qa4 23. Kf2 Kf7 24. Rxc7 Rxc7 25. Rc1 Rxc1 26. Qxc1 Qc6 27. Qd2 h6 28. h4 a6 29.
h5 b5 30. g4 fxg4 31. Nh2 Nd7 32. Nxg4 Bg5 33. Nh2 Bh4+ 34. Ke2 Nb6 35. Nf3 Be7 36. Bg6+ Kg8 37. Qd3 Qc4 38. Nd2 Qxd3+ 39. Kxd3 Nc4 40. Nxc4 bxc4+ 41. Kc3 Kf8 42. e4 Bg5 43. a4 Ke7 44. Bh7 Bh4 45. Bg8 Be1+ 46. Kb2 dxe4 47. Bh7 e3 48. b5 1-0

[Event "*** Titled Tuesday Blitz"]
[Site "Chess.com"]
[Date "2021.02.16"]
[Round "9"]
[White "BigAl"]
[Black "juancruzarias"]
[Result "1-0"]
[WhiteElo "2491"]
[BlackElo "2634"]
[TimeControl "180+1"]
[EndTime "11:48:30 PST"]
[Termination "BigAl won by resignation"]

1. Nf3 e6 2. d3 f5 3. e4 Nc6 4.
exf5 exf5 5. d4 d5 6. Bb5 Bd6 7. Bxc6+ bxc6 8. O-O Ne7 9. Re1 O-O 10. Bg5 h6 11.
Bxe7 Bxe7 12. Ne5 Bd6 13. Nxc6 Qh4 14. g3 Qh3 15. f4 Ba6 16. Ne5 g5 17. Qf3 Rae8 18.
Nd2 Kh7 19. c3 c6 20. Nd7 Rxe1+ 21. Rxe1 gxf4 22. Nxf8+ Bxf8 23. Qxf4 Qh5 24. Qc7+ Kg8 25. Qxc6 Bd3 26. Qxd5+ Kh8 27. Qd8 Kg7 28. Qd7+ Kh8 29. Qe8 Qxe8 30. Rxe8 Kg7 31. Ra8 a6 32. c4 Bb4 33. Nf3 Bxc4 34. b3 Bd5 35. Ra7+ Kf6 36. Rxa6+ Kg7 37. Kf2 Bc3 38. Ke3 Bb2 39. Rd6 Bc1+ 40.
Ke2 Be4 41. Nd2 Bg2 42. a4 Ba3 43. Rb6 Bb2 44. Rd6 Ba3 45. Rd7+ Kf6 46. Nc4 Bb4 47. a5 Bc6 48. Rc7 Bd5 49. a6 Ke6 50. a7 Bc3 51. Kd3 Be1 52. Nb6 Be4+ 53. Ke2 Ba5 54. a8=Q Bxa8 55. Nxa8 Bxc7 56. Nxc7+ Kd6 57. Nb5+ Kc6 58.
Nc3 Kd6 59. Kd3 Ke6 60. b4 Kd6 61. b5 Kc7 62. Kc4 Kb6 63. Nd5+ Kb7 64. Kc5 f4 65. Nxf4 1-0

[Event "*** Titled Tuesday Blitz"]
[Site "Chess.com"]
[Date "2021.02.16"]
[Round "9"]
[White "Deepweb2020"]
[Black "MergenKakabaev"]
[Result "0-1"]
[WhiteElo "2512"]
[BlackElo "2399"]
[TimeControl "180+1"]
[EndTime "11:48:30 PST"]
[Termination "MergenKakabaev won on time"]

1. d4 d5 2. Bf4 Nf6 3. e3 c5 4. c3 Nc6 5. Nd2 Qb6 6. Qb3 c4 7. Qc2 Bg4 8. b3 cxb3 9. axb3 e6 10. Ngf3 Rc8 11. Qb2 Be7 12. Bd3 O-O 13. h3 Bh5 14.
O-O Bg6 15. Bxg6 hxg6 16. c4 Nb4 17. c5 Qb5 18. Rxa7 Nd3 19. Qc3 Nxf4 20. exf4 Rfd8 21.
Ne5 Ne4 22. Nxe4 dxe4 23. Rfa1 Bf6 24. R1a5 Qe2 25. Rxb7 Qd1+ 26. Kh2 Rxd4 27. Ra1 Qd2 28. Qxd2 Rxd2 29. Raa7 Rxf2 30. Ng4 Rxf4 31. Nxf6+ Rxf6 32. b4 Rf1 33. Rc7 Rxc7 34. Rxc7 e3 35. c6 e2 36. Rc8+ Kh7 37. c7 e1=Q 38. Rh8+ Kxh8 39. c8=Q+ Kh7 0-1

[Event "*** Titled Tuesday Blitz"]
[Site "Chess.com"]
[Date "2021.02.16"]
[Round "9"]
[White "Krakozia"]
[Black "Oleksandr_Bortnyk"]
[Result "1-0"]
[WhiteElo "2845"]
[BlackElo "2939"]
[TimeControl "180+1"]
[EndTime "11:48:31 PST"]
[Termination "Krakozia won by resignation"]

1. e4 Nf6 2. Nc3 d5 3. e5 Nfd7 4. d4 c5 5. f4 Nc6 6. Nf3 cxd4 7. Nxd4 Ndb8 8. Be3 Nxd4 9. Qxd4 e6 10. O-O-O Nc6 11. Qd2 Bd7 12. Kb1 Qa5 13. Nb5 Nb4 14. Nc3 Rc8 15.
a3 Na6 16. Nb5 Qa4 17. Nc3 Qa5 18. Ne2 Qxd2 19. Rxd2 Bc5 20. Bd4 Bxd4 21. Nxd4 Nc5 22. Bd3 g6 23. h4 h5 24. Rh3 Ke7 25. Re3 a6 26. b3 Nxd3 27. Rdxd3 Rc7 28. Rc3 Rhc8 29.
Rxc7 Rxc7 30. Kb2 b6 31. Rc3 Rc5 32. b4 Rxc3 33. Kxc3 Kd8 34. Kd3 Kc7 35. Ke3 Ba4 36. Kf3 Kd7 37. g4 Ke7 38. gxh5 gxh5 39. f5 exf5 40. Kf4 f6 41. Kxf5 fxe5 42. Kxe5 Kf7 43. c3 Bd7 44. Ne2 Bg4 45. Nf4 d4 46. cxd4 Ke8 47.
Nd5 b5 48. Nf6+ Kf7 49. Nxg4 hxg4 50. Kf4 Ke6 51. Kxg4 Kd5 52. h5 a5 1-0

[Event "*** Titled Tuesday Blitz"]
[Site "Chess.com"]
[Date "2021.02.16"]
[Round "9"]
[White "GigaQuparadze"]
[Black "kingofthenil"]
[Result "1-0"]
[WhiteElo "2935"]
[BlackElo "2705"]
[TimeControl "180+1"]
[EndTime "11:48:31 PST"]
[Termination "GigaQuparadze won on time"]

1. e4 Nc6 2. Nf3 d5 3. exd5 Qxd5 4. Nc3 Qh5 5. Be2 Bg4 6. h3 O-O-O 7. O-O Bxh3 8. gxh3 Qxh3 9. Nh2 e6 10. Bg4 Qh4 11. Qf3 h5 12. Bh3 Nd4 13. Qg3 Qxg3+ 14. fxg3 g5 15.
Rxf7 g4 16. Bg2 Nh6 17. Rf1 Bc5 18. Ne4 Bb6 19. Kh1 Nhf5 20. c3 Ne2 21. d4 h4 22. Re1 hxg3 23. Rxe2 Rxh2+ 24. Kg1 Rf8 25. Be3 e5 26. Rf1 Rhh8 27. Rxf5 Rxf5 28. Nxg3 exd4 29.
Nxf5 dxe3 30. Be4 Rf8 31. Kg2 Kd8 32. Nxe3 Re8 33. Nxg4 c6 34. Bf3 Rf8 35. Rd2+ Kc7 36. Re2 Rf7 37. Ne5 Rg7+ 38. Bg4 Bc5 39. Kf3 Bd6 40. Re4 b5 41. Nd3 a5 42. Nf4 Rf7 43. Bh5 Rf6 44. Kg4 Kb6 45. b3 a4 46. bxa4 bxa4 47.
Rxa4 Be5 48. Ne2 Rf2 49. Re4 Bd6 50. a4 Ka5 51. Be8 c5 52. Bb5 Rg2+ 53. Kf5 Rg7 54. Ke6 Bc7 55. Kd5 Bb6 56. c4 Ba7 57. Nf4 Bb6 58.
Ne6 Rh7 59. Kc6 Rh6 60. Re5 Rg6 61. Kd5 Rg1 62. Nxc5 Bxc5 63. Kxc5 Rg5 64. Kd5 1-0

[Event "*** Titled Tuesday Blitz"]
[Site "Chess.com"]
[Date "2021.02.16"]
[Round "9"]
[White "vovachesss"]
[Black "InitiatingASC"]
[Result "1-0"]
[WhiteElo "2643"]
[BlackElo "2429"]
[TimeControl "180+1"]
[EndTime "11:48:31 PST"]
[Termination "vovachesss won on time"]

1. e4 c5 2. d4 cxd4 3. c3 Nf6 4. e5 Nd5 5. Nf3 Nc6 6. Bc4 e6 7. O-O d6 8. cxd4 Nb6 9. Bd3 d5 10. Qe2 Be7 11. Nc3 Bd7 12. Bf4 Na5 13. b3 Rc8 14.
Rac1 Ba3 15. Rc2 Nc6 16. Nb5 Be7 17. Nd6+ Bxd6 18. exd6 Nb4 19. Rc7 Nxd3 20. Qxd3 Rxc7 21.
dxc7 Qe7 22. Ne5 O-O 23. Qg3 Bb5 24. Rc1 Rc8 25. a4 Be8 26. Nd3 f6 27. Bd6 Qf7 28.
Nc5 Bc6 29. Re1 Re8 30. Qg4 Nc8 31. Bg3 e5 32. dxe5 Qxc7 33. f4 Qb6 34. Bf2 Qb4 35.
Ne6 g6 36. Nd4 Nd6 37. Nxc6 bxc6 38. Qd7 fxe5 39. fxe5 Kf8 40. Qxd6+ Qxd6 41. exd6 Rb8 42. Bc5 1-0

[Event "*** Titled Tuesday Blitz"]
[Site "Chess.com"]
[Date "2021.02.16"]
[Round "9"]
[White "ybruned"]
[Black "stolencandy13"]
[Result "1-0"]
[WhiteElo "2339"]
[BlackElo "2477"]
[TimeControl "180+1"]
[EndTime "11:48:31 PST"]
[Termination "ybruned won by resignation"]

1. b3 f5 2. Bb2 Nf6 3. Bxf6 exf6 4. c4 d5 5. cxd5 Qxd5 6. Nc3 Qa5 7. e3 Ba3 8. Qc2 O-O 9. Bc4+ Kh8 10. Nf3 Nc6 11. O-O Ne5 12. Be2 c6 13. d4 Nxf3+ 14. Bxf3 Be6 15.
Na4 Rfd8 16. Rfd1 Rac8 17. Nc5 Bxc5 18. dxc5 Qb4 19. g3 Bd5 20. Bxd5 cxd5 21. Qxf5 Qxc5 22. Rd2 Rc7 23. Rad1 h6 24. Rxd5 Rxd5 25. Qxd5 Qxd5 26. Rxd5 Rc2 27. Rd7 Rxa2 28. Rxb7 a5 29. Kg2 Rb2 30. Ra7 Rxb3 31. Rxa5 Kh7 32. h4 h5 33. Rxh5+ Kg6 34. Ra5 f5 35. Ra6+ Kf7 36. Kf3 Rb4 37. Rd6 g6 38. Rd4 Rb2 39. Rd7+ Kf6 40. Rc7 Ra2 41.
Rc6+ Kf7 42. Rc4 Rb2 43. Rf4 Ke6 44. g4 Rb1 45. gxf5+ gxf5 46. Kg2 Ke5 47. h5 Kf6 48. h6 Kg5 49. Rf3 Rb7 50. Rh3 Rh7 51. Kf3 Rxh6 52. Rxh6 Kxh6 53. Kf4 Kg6 54. Ke5 Kg5 55. f4+ Kg6 56.
Ke6 1-0

[Event "*** Titled Tuesday Blitz"]
[Site "Chess.com"]
[Date "2021.02.16"]
[Round "9"]
[White "dropstoneDP"]
[Black "12teen"]
[Result "0-1"]
[WhiteElo "2975"]
[BlackElo "2887"]
[TimeControl "180+1"]
[EndTime "11:48:32 PST"]
[Termination "12teen won by checkmate"]

1. d4 b6 2. e4 Bb7 3. Bd3 e6 4. Qe2 Nf6 5. Nf3 d5 6. e5 Nfd7 7. Bg5 Be7 8. h4 c5 9. c3 Nc6 10. a3 a6 11. Nbd2 b5 12. O-O h6 13. Bxe7 Qxe7 14. Qe3 g5 15. g3 O-O-O 16. b4 cxd4 17. cxd4 Nb6 18. hxg5 hxg5 19. Qxg5 Qc7 20. Nb3 Rdg8 21.
Qf4 f5 22. Kg2 Rg4 23. Qc1 Nc4 24. Nc5 Nxd4 25. Nxd4 Qxe5 26. Nf3 Qd6 27. Rh1 Rhg8 28. Rh3 Bc6 29. Qh6 R4g6 30. Qh7 d4 31. Bxc4 bxc4 32. Qa7 Qd5 33. Qxa6+ Kd8 34. Qb6+ Ke7 35. Qc7+ Kf6 36. Qf4 e5 37. Qh4+ Kf7 38. Qh5 d3 39. b5 Rh8 40.
Qxh8 Qxf3+ 41. Kf1 Qg2+ 42. Ke1 d2+ 43. Kxd2 Qxf2+ 44.
Kc3 Qd4+ 45. Kb4 Qb2+ 46. Nb3 Qxb3+ 47. Kc5 Qxb5# 0-1

[Event "*** Titled Tuesday Blitz"]
[Site "Chess.com"]
[Date "2021.02.16"]
[Round "9"]
[White "canary2016"]
[Black "Matols"]
[Result "0-1"]
[WhiteElo "1962"]
[BlackElo "2235"]
[TimeControl "180+1"]
[EndTime "11:48:32 PST"]
[Termination "Matols won by checkmate"]

1. Nf3 Nf6 2. d4 e6 3. c4 b6 4. g3 Ba6 5. e3 Bb4+ 6. Nc3 O-O 7.
a3 Bxc3+ 8. bxc3 c5 9. Qb3 Nc6 10. Qa4 Qc8 11. Bd2 d6 12. Bg2 Ne4 13. O-O f5 14.
Rfd1 Na5 15. Bf1 g5 16. d5 e5 17. Rab1 g4 18. Nh4 Qe8 19. Qxe8 Raxe8 20. f3 gxf3 21. Nxf3 Bxc4 22. Kg2 Bxd5 23. Bb5 Rd8 24. c4 Bb7 25. Bxa5 bxa5 26. Rbc1 Ng5 27. Rf1 Nxf3 28.
Rxf3 Bxf3+ 29. Kxf3 Kg7 30. Rd1 Kf6 31. Rb1 Ke6 32. Bc6 Rb8 33. Bd5+ Ke7 34. Rd1 Rb2 35.
Ra1 Rfb8 36. Rg1 Rxh2 37. Rg2 Rxg2 38. Kxg2 Rb2+ 39. Kf3 e4+ 40. Kf4 Kf6 41. g4 Rf2+ 42. Kg3 Rf3+ 43. Kg2 fxg4 44. Bxe4 Rxe3 45. Bd5 Rxa3 46.
Kf2 Kg5 47. Kg2 Kf4 48. Kg1 Ra2 49. Kf1 g3 50. Ke1 g2 51. Bxg2 Rxg2 52. Kd1 Ke3 53. Kc1 Kd3 54. Kd1 Rg1# 0-1

[Event "*** Titled Tuesday Blitz"]
[Site "Chess.com"]
[Date "2021.02.16"]
[Round "9"]
[White "Aslanov_Umid"]
[Black "aa175"]
[Result "1/2-1/2"]
[WhiteElo "2377"]
[BlackElo "2608"]
[TimeControl "180+1"]
[EndTime "11:48:33 PST"]
[Termination "Game drawn by stalemate"]

1. e4 c5 2. Nf3 d6 3. d4 cxd4 4.
Nxd4 Nf6 5. Nc3 a6 6. Bc4 e6 7.
Bb3 b5 8. O-O Nbd7 9. Qf3 Bb7 10.
Bg5 h6 11. Bh4 g5 12. Bg3 b4 13. Na4 Nxe4 14. Bxe6 fxe6 15. Nxe6 Qa5 16. Rfe1 Qxa4 17.
Rxe4 Bxe4 18. Qxe4 d5 19. Nc7+ Kf7 20. Qxd5+ Kg7 21.
Qxa8 Qxc2 22. Qd5 Nf6 23. Qe5 Qc6 24. Rd1 Bc5 25. Ne6+ Kf7 26. Nxc5 Re8 27. Qd4 Nd5 28. h3 Nf6 29. Qd6 Qxd6 30. Rxd6 Re1+ 31. Kh2 Re2 32. Rxa6 Rxb2 33. Be5 Rc2 34. Rxf6+ Ke7 35. Rxh6 Rxa2 36. Ne4 Kf7 37. Nxg5+ Ke8 38. Rh7 b3 39. Ne6 b2 40. Bxb2 Rxb2 41. f4 Rb7 42. Rxb7 1/2-1/2

[Event "*** Titled Tuesday Blitz"]
[Site "Chess.com"]
[Date "2021.02.16"]
[Round "9"]
[White "atalz0"]
[Black "TST2014"]
[Result "1-0"]
[WhiteElo "2425"]
[BlackElo "2555"]
[TimeControl "180+1"]
[EndTime "11:48:33 PST"]
[Termination "atalz0 won by resignation"]

1. d4 Nf6 2. c4 c5 3. d5 b5 4.
cxb5 a6 5. bxa6 Bxa6 6. Nc3 g6 7. e4 Bxf1 8. Kxf1 d6 9. g3 Bg7 10. Kg2 O-O 11. Nf3 Nbd7 12. a4 Qb6 13. Ra3 Rfb8 14.
Qe2 Ne8 15. h4 h5 16. Nd2 Qa6 17. Qxa6 Rxa6 18. Nb5 Ne5 19. f4 Ng4 20. Nc4 Rb7 21. Re1 Nc7 22. Re2 Kf8 23. b3 Nxb5 24. axb5 Rxa3 25.
Nxa3 Ke8 26. Bb2 Bxb2 27. Rxb2 Kd7 28. b4 Ra7 29. Nc4 Ra4 30. Nb6+ Kc7 31. Nxa4 Ne3+ 32. Kf3 Nc4 33. Rc2 Na3 34. Rc3 Nxb5 35. Rc1 Nd4+ 36. Kf2 Nb3 37. Rc3 Nd2 38. Ke3 Nf1+ 39. Ke2 Nh2 40.
bxc5 dxc5 41. Nxc5 Kd6 42. Nd3 Ng4 43. Rc6+ Kd7 44. e5 e6 45. Nc5+ Ke7 46. d6+ Kd8 47.
d7 Nxe5 48. fxe5 Ke7 49. Rc8 f5 50. d8=Q+ 1-0